 Dungeon Crawl Stone Soup version 0.29-a0-911-g88e6f02907 (webtiles) character file.

Game seed: 11823451986257814247

116 pokeman the Magician (level 4, -1/24 HPs)
             Began as a Deep Elf Hedge Wizard on July 25, 2022.
             Slain by a phantom (3 damage)
             ... on level 4 of the Dungeon.
             The game lasted 00:05:54 (3556 turns).

pokeman the Magician (Deep Elf Hedge Wizard)        Turns: 3556, Time: 00:05:54

Health: -1/24      AC:  5    Str:  7    XL:     4   Next: 69%
Magic:  2/12       EV: 12    Int: 21    God:
Gold:   153        SH:  0    Dex: 14    Spells: 1/12 levels left

rFire   . . .      SeeInvis .   a - +0 dagger
rCold   . . .      Faith    .   (no shield)
rNeg    . . .      Spirit   .   h - +0 leather armour
rPois   .          Reflect  .   c - +0 hat
rElec   .          Harm     .   b - +0 cloak
rCorr   .          Rampage  .   (no gloves)
Will    .....                   j - +0 pair of boots
Stlth   ++........              (no amulet)
HPRegen 0.08/turn               (no ring)
MPRegen 0.13/turn               (no ring)

@: no status effects
A: no striking features
a: no special abilities


You were on level 4 of the Dungeon.
You visited 1 branch of the dungeon, and saw 4 of its levels.

You collected 153 gold pieces.

Inventory:

Hand Weapons
 a - a +0 dagger (weapon)
Armour
 b - a +0 cloak (worn)
 c - a +0 hat (worn)
 e - a scarf of resistance
 h - a +0 leather armour (worn)
 j - a +0 pair of boots (worn)
 t - a +2 buckler
Magical Staves
 q - a staff of earth
Scrolls
 f - 4 scrolls of identify {unknown}
 g - a scroll of noise {unknown}
 i - a scroll of fear {unknown}
 l - 2 scrolls of blinking {unknown}
 n - a scroll of enchant armour {unknown}
 s - a scroll of immolation {unknown}
Potions
 d - 2 potions of magic
 k - a potion of mutation {unknown}
 m - a potion of heal wounds {unknown}
 o - a potion of flight {unknown}
 p - a potion of ambrosia {unknown}
 r - a potion of invisibility {unknown}
 u - a potion of attraction {unknown}


   Skills:
 + Level 0.5 Fighting
 + Level 0.5 Armour
 - Level 3.0 Dodging
 - Level 3.0 Stealth
 + Level 0.0 Shields
 + Level 4.9 Spellcasting
 + Level 2.0 Conjurations
 - Level 2.0 Summonings
 - Level 2.0 Translocations
 + Level 0.6 Fire Magic
 + Level 0.6 Air Magic
 + Level 0.2 Earth Magic
 + Level 0.8 Poison Magic


You had one spell level left.
You knew the following spells:

 Your Spells              Type           Power      Damage    Failure   Level
a - Magic Dart            Conj           52%        1d5       7%          1
b - Mephitic Cloud        Conj/Pois/Air  10%        N/A       28%         3
c - Call Imp              Summ           13%        N/A       11%         2
d - Blink                 Tloc           26%        N/A       11%         2
e - Conjure Flame         Conj/Fire      10%        6-21      26%         3

Your spell library contained the following spells:

 Spells                   Type           Power      Damage    Failure   Level
 Slow                     Hex            20%        N/A       16%         1
 Sublimation of Blood     Necr           5%         N/A       24%         2
 Petrify                  Tmut/Erth      5%         N/A       83%         4
 Irradiate                Conj/Tmut      4%         3d13      96%         5


Dungeon Overview and Level Annotations

Branches:
Dungeon (4/15)
 Temple: D:4-7

Altars:


Message History

Aiming: Magic Dart (safe; 7% risk of failure)
Press: ? - help, Shift-Dir - straight line, f/p - phantom
Aim: a phantom (heavily damaged, 100% to hit)
The magic dart hits the phantom but does no damage.
The phantom is heavily damaged.
The phantom hits you.
The phantom blinks!
You blink.
Your magical contamination has completely faded away.
The phantom attacks as you move away! The phantom closely misses you.
The phantom attacks as you move away! The phantom misses you.
The phantom attacks as you move away! The phantom hits you.
The phantom attacks as you move away! The phantom hits you.
* * * LOW HITPOINT WARNING * * *
Casting: Magic Dart (safe; 7% risk of failure)
Confirm with . or Enter, or press ? or * to list all spells.
You blink.
Found a scroll labelled RIUNAURHUA.
Unknown command.
An adder comes into view.
The phantom misses you.
You feel stable enough to blink again.
You see here a +0 ring mail.
Casting: Blink (safe; 11% risk of failure)
Confirm with . or Enter, or press ? or * to list all spells.
You don't have enough magic to cast this spell.
Found a stone staircase leading down.
Found 2 coppery potions.
A water moccasin comes into view.
Found a scroll labelled RIUNAURHUA.
The water moccasin hisses angrily.
The phantom attacks as you move away!
The phantom hits you but does no damage.
The phantom attacks as you move away!
The phantom hits you but does no damage.
You barely miss the phantom.
The phantom is heavily damaged.
The phantom hits you.
* * * LOW HITPOINT WARNING * * *
The phantom blinks!
You blink.
Unknown command.
The phantom attacks as you move away! The phantom hits you.
You die...

##.## #.#...# . ##.
#...# .. #..
#...### ...
#.###.....# .....
##..[......#
..!..##..........#
...........S§.....#
###......###....<#
..........##.....#
......>.$..##.####
..............#
..............#
..............#
.............#


You could see a water moccasin and a phantom.

Vanquished Creatures
  4 adders
  3 worms (D:2)
  A dart slug (D:3)
  3 orcs (D:3)
  8 bats
  6 endoplasms
  4 giant cockroaches
  2 goblins (D:2)
  7 hobgoblins
  2 quokkas
  7 ball pythons
  6 frilled lizards
  8 rats
61 creatures vanquished.

Vanquished Creatures (collateral kills)
  A worm (D:2)
1 creature vanquished.

Grand Total: 62 creatures vanquished

Notes
Turn   | Place    | Note
-------+----------+-------------------------------------------
     0 | D:1      | pokeman the Deep Elf Hedge Wizard began the quest for the
                  | Orb.
     0 | D:1      | Reached XP level 1. HP: 10/10 MP: 7/7
   403 | D:1      | Reached XP level 2. HP: 15/15 MP: 4/9
  1352 | D:2      | Reached XP level 3. HP: 19/19 MP: 0/11
  1356 | D:2      | Learned a level 3 spell: Mephitic Cloud
  1359 | D:2      | Learned a level 2 spell: Call Imp
  1362 | D:2      | Learned a level 2 spell: Blink
  1366 | D:2      | Learned a level 3 spell: Conjure Flame
  1581 | D:2      | Found a faded altar of an unknown god.
  2335 | D:2      | Reached XP level 4. HP: 24/24 MP: 7/12
  3509 | D:4      | Noticed a phantom
  3549 | D:4      | Noticed a water moccasin
  3556 | D:4      | Slain by a phantom

Illustrated notes

Levels and vault maps discovered:
D:1:      tarquinn_simple_flora_water_c, layout_basic
D:2:      layout_loops_ring, hellmonk_ecumenical_altar_crossroads,
          minmay_joined_circles
D:3:      layout_basic
D:4:      layout_rooms, serial_curves, eino_curves_01, eino_curves_04,
          serial_shops, shop

Skill      XL: |  1  2  3  4 |
---------------+-------------+-----
Stealth        | 3 |  3.0
Summonings     | 2 |  2.0
Dodging        | 3 |  3.0
Conjurations   | 2 |  2.0
Translocations | 2 |  2.0
Fighting       | |  0.5
Armour         | |  0.5
Spellcasting   | |  4.9
Fire Magic     | |  0.6
Air Magic      | |  0.6
Earth Magic    | |  0.2
Poison Magic   | |  0.8

Action                   |  1- 3 |  4- 6 || total
-------------------------+-------+-------++-------
Melee: Dagger            |    25 |     5 ||    30
 Cast: Magic Dart        |   128 |    60 ||   188
       Call Imp          |     1 |       ||     1
       Blink             |       |     1 ||     1
Armor: Leather armour    |    18 |    11 ||    29
Dodge: Dodged            |    34 |    14 ||    48

Table legend: (Time is in decaauts)
 A = Elapsed time spent in this place.
 B = Non-inter-level travel time spent in this place.
 C = Inter-level travel time spent in this place.
 D = Time resting spent in this place.
 E = Time spent auto-exploring this place.
 F = Levels seen in this place.
 G = Mean time per level.
                   A        B        C        D        E       F      G
               +--------+--------+--------+--------+--------+-----+--------+
         Total |   3557 |   3527 |     30 |     48 |   3006 |   4 |  889.2 |
       Dungeon |   3557 |   3527 |     30 |     48 |   3006 |   4 |  889.2 |
               +--------+--------+--------+--------+--------+-----+--------+

Top non-repeatable levels by time:
     D:2: 1564 daAuts
     D:3: 972 daAuts
     D:1: 963 daAuts
     D:4: 55 daAuts
